 Dungeon Crawl Stone Soup version 0.28.0-43-g3370ac3207 (webtiles) character file.

Game seed: 678407687945337858

511 sking99 the Slasher (level 6, -1/49 HPs)
             Began as a Demonspawn Monk on Mar 24, 2022.
             Succumbed to a scorpion's poison
             ... on level 5 of the Dungeon.
             The game lasted 00:09:25 (6111 turns).

sking99 the Slasher (Demonspawn Monk)               Turns: 6111, Time: 00:09:25

Health: -1/49      AC:  9    Str: 13    XL:     6   Next: 99%
Magic:  4/6        EV: 12    Int: 14    God:
Gold:   179        SH:  0    Dex: 15    Spells: 4/5 levels left

rFire   . . .      SeeInvis .   a - +0 falchion
rCold   . . .      Faith    .   (no shield)
rNeg    . . .      Spirit   .   o - +0 leather armour
rPois   .          Reflect  .   (no helmet)
rElec   .          Harm     .   (no cloak)
rCorr   .          Rampage  .   t - +1 pair of gloves
Will    .....                   (no boots)
Stlth   ++........              (no amulet)
HPRegen 0.16/turn               d - +4 ring of protection
MPRegen 0.10/turn               (no ring)

@: lethally poisoned (-1 -> -22)
A: powered by pain 1, big brain 1
a: no special abilities


You were on level 5 of the Dungeon.
You visited 1 branch of the dungeon, and saw 5 of its levels.

You collected 179 gold pieces.

Inventory:

Hand Weapons
 a - a +0 falchion (weapon)
Armour
 b - a +0 robe
 o - a +0 leather armour (worn)
 t - a +1 pair of gloves (worn)
Jewellery
 d - a +4 ring of protection (left hand)
Wands
 e - a wand of acid (10)
 i - a wand of flame (13)
 p - a wand of paralysis (2)
Scrolls
 c - a scroll of holy word
 g - a scroll of magic mapping
 h - 2 scrolls of teleportation
 j - 2 scrolls of torment
 m - a scroll of summoning {unknown}
 n - a scroll of amnesia {unknown}
 r - 3 scrolls of fear {unknown}
Potions
 f - 2 potions of attraction
 k - a potion of might
 l - a potion of mutation


   Skills:
 + Level 4.7 Fighting
 * Level 5.4 Long Blades
 - Level 2.8 Dodging
 - Level 1.7 Stealth
 + Level 3.5 Necromancy


You had 4 spell levels left.
You knew the following spells:

 Your Spells              Type           Power      Damage    Failure   Level
a - Pain                  Necr           36%        1d5       9%          1

Your spell library contained the following spells:

 Spells                   Type           Power      Damage    Failure   Level
 Agony                    Necr           9%         N/A       94%         5
 Excruciating Wounds      Necr           4%         N/A       94%         5


Dungeon Overview and Level Annotations

Branches:
Dungeon (5/15)
 Temple: D:4-7

Altars:
Fedhas
Trog

Shops:
D:1 :(?   D:4 =

Annotations:
D:3 Grinder
D:4 2 runed translucent doors, JackAllcraft's ghost, amateur MiMo


Innate Abilities, Weirdness & Mutations

You sometimes gain a little power by taking damage.
You have an unusually large brain. (Int +2)


Message History

The scorpion stings you.
You are poisoned.
The scorpion poisons you!
You hit the scorpion.
The scorpion is lightly wounded.
You hear the quick rusting of a very distant drain.
You feel very sick. The scorpion stings you.
You are more poisoned.
The scorpion poisons you!
You hit the scorpion.
The scorpion is lightly wounded.
You feel very sick. The scorpion closely misses you.
You hit the scorpion.
The scorpion is moderately wounded.
You feel very sick.
The scorpion stings you but does no damage.
Your magical contamination has completely faded away.
You hit the scorpion.
The scorpion is heavily wounded.
You feel very sick. The scorpion stings you!
You are lethally poisoned!
The scorpion poisons you! The scorpion stings you.
You are more poisoned.
The scorpion poisons you!
You barely miss the scorpion.
The scorpion is heavily wounded.
* * * LOW HITPOINT WARNING * * *
You feel extremely sick. The scorpion closely misses you.
You closely miss the scorpion.
The scorpion is heavily wounded.
* * * LOW HITPOINT WARNING * * *
You feel very sick. The scorpion misses you.
You closely miss the scorpion.
The scorpion is heavily wounded.
You die...

#### .....######
#..s...#
###########@##
...#.........#
##.#.######..#
#.....#...#..#
#....(....#..#
#...##.###..#
#####...........#
...........####.#
........#### .#


You could see a scorpion.

Vanquished Creatures
  A black bear (D:5)
  An ogre (D:2)
  A scorpion (D:5)
  A water moccasin skeleton (D:5)
  An orc priest (D:4)
  A hound (D:4)
  An orc wizard (D:4)
  A killer bee zombie (D:3)
  A hound skeleton (D:4)
  4 adders
  4 orcs
  9 endoplasms
  4 giant cockroaches
  8 goblins
  8 hobgoblins
  3 quokkas
  12 ball pythons
  5 frilled lizards
  9 kobolds
  3 rats
78 creatures vanquished.

Notes
Turn   | Place    | Note
-------+----------+-------------------------------------------
     0 | D:1      | sking99 the Demonspawn Monk began the quest for the Orb.
     0 | D:1      | Reached XP level 1. HP: 18/18 MP: 1/1
   166 | D:1      | Found Yzxint's Book Shop.
   174 | D:1      | Reached skill level 3 in Long Blades
   175 | D:1      | Gained mutation: You have an unusually large brain. (Int
                  | +2) [demonic ancestry]
   175 | D:1      | Reached XP level 2. HP: 22/24 MP: 2/2
   289 | D:1      | Found Qeth's Weapon Emporium.
   311 | D:1      | Learned a level 1 spell: Pain
   654 | D:1      | Found Janid's Magic Scroll Shoppe.
  1128 | D:2      | Gained mutation: You sometimes gain a little power by
                  | taking damage. [demonic ancestry]
  1128 | D:2      | Reached XP level 3. HP: 22/29 MP: 3/3
  1352 | D:2      | Noticed an ogre
  1354 | D:2      | Reached skill level 1 in Necromancy
  1741 | D:2      | Found a faded altar of an unknown god.
  2266 | D:3      | Reached XP level 4. HP: 31/35 MP: 4/4
  2359 | D:3      | Found a bloodstained altar of Trog.
  2620 | D:3      | Reached skill level 4 in Long Blades
  3212 | D:3      | Noticed Grinder
  3219 | D:3      | Paralysed by Grinder for 4 turns
  3411 | D:2      | Killed an ogre
  3412 | D:2      | Reached XP level 5. HP: 13/42 MP: 5/5
  4028 | D:4      | Found a blossoming altar of Fedhas.
  4735 | D:4      | Found a runed translucent door.
  4745 | D:4      | Reached XP level 6. HP: 46/48 MP: 6/6
  4755 | D:4      | Noticed JackAllcraft's ghost (amateur MiMo)
  4902 | D:4      | Found Letak's Jewellery Shoppe.
  5167 | D:4      | Found a runed translucent door.
  5551 | D:5      | Entered Level 5 of the Dungeon
  5561 | D:5      | Reached skill level 5 in Long Blades
  5860 | D:5      | Noticed a sky beast
  6111 | D:5      | Succumbed to a scorpion's poison

Illustrated notes

Levels and vault maps discovered:
D:1:      erik_arrival_blinker_ship, layout_loops_cross, serial_shops,
          nicolae_shop_statue_plus, shop, nicolae_square_shop
D:2:      layout_loops_ring, serial_glass, glass_columns_a, glass_columns_c,
          chequers_ecumenical_altar_twisty, st_stairs_3
D:3:      layout_basic, overflow_temple_1_default, uniq_grinder
D:4:      layout_loops_ring, mainiacjoe_overflow_brackets,
          ebering_ghost_sewer_f, serial_shops, nicolae_shop_stone
D:5:      layout_basic, temple_statues, portal_sewer_entry_a

Skill      XL: |  1  2  3  4  5  6 |
---------------+-------------------+-----
Long Blades    | 3 4 5 |  5.4
Necromancy     | 1 2 3 |  3.5
Fighting       | 4 |  4.7
Dodging        | |  2.8
Stealth        | |  1.7

Action                   |  1- 3 |  4- 6 || total
-------------------------+-------+-------++-------
Melee: Falchion          |   140 |   159 ||   299
       Punch             |     1 |     1 ||     2
 Cast: Pain              |    14 |    17 ||    31
  Use: Scroll            |       |    10 ||    10
       Potion            |       |     3 ||     3
 Stab: Sleeping          |     4 |     5 ||     9
Armor: Robe              |    45 |    14 ||    59
       Leather armour    |       |    59 ||    59
Dodge: Dodged            |   111 |   109 ||   220
